AoeStats
← luisvideorock

Nomad

509222447Analyzed
4v4 RM · 5d ago on Sep 26, 2026· 34m 25s· 8 players
Game mode
Random Map
Map size
231×231
Population
200
Speed
Normal
Resources
Standard
Victory
Conquest
Starting age
Dark Age
Ending age
Imperial Age
RankedLock teamsTeams togetherTeam positionsShared explorationLock speedFull tech treeHidden civsTurbo modeCheats
Victory
Defeat
🇲🇽 Mongols · Mexico
909
+18
🇲🇽 Vikings · Mexico
888
+18
🇲🇽 Khmer · Mexico
880
+19
🇲🇽 Franks · Mexico
864
+19
🇨🇦 Varangians · Canada
978
-19
🇦🇷 Dravidians · Argentina
940
-43
🇦🇷 Huns · Argentina
927
-18
🇺🇸 Franks · United States
923
-18
SgtSpookjohnson
4:38 Loom
18:20 Feudal Age
20:52 Fishing Lines
21:12 Double-Bit Axe
23:35 Castle Age
24:36 Fletching
25:51 Medium Warships
27:49 Scale Barding Armor
Euler
6:11 Loom
19:41 Feudal Age
20:34 Double-Bit Axe
22:44 Gold Mining
22:45 Stone Mining
23:21 Forging
30:47 Castle Age
32:08 Husbandry
32:19 Scale Barding Armor
33:30 Iron Casting
Ledmini1518
24:49 Feudal Age
29:55 Castle Age
Aldous Barbarossa
8:54 Loom
14:22 Feudal Age
17:46 Wheelbarrow
21:06 Castle Age
20:12 Double-Bit Axe
20:10 Horse Collar
32:17 Bow Saw
32:55 Scale Barding Armor
33:01 Forging
luisvideorock
9:23 Loom
15:46 Feudal Age
21:19 Castle Age
20:20 Double-Bit Axe
20:34 Gold Mining
20:34 Stone Mining
21:10 Fishing Lines
26:47 Scale Mail Armor
33:59 Forging
34:04 Chain Mail Armor
Art_V8
15:06 Feudal Age
17:24 Fishing Lines
18:51 Double-Bit Axe
23:48 Castle Age
28:56 Wheelbarrow
29:28 Husbandry
31:40 Hand Cart
31:16 Town Watch
33:25 Forging
33:20 Scale Barding Armor
jlcal100
6:05 Loom
17:00 Feudal Age
17:39 Double-Bit Axe
17:41 Fishing Lines
18:18 Town Watch
18:56 Gold Mining
19:09 Horse Collar
21:05 Wheelbarrow
22:26 Fletching
24:39 Castle Age
23:31 Stone Mining
24:15 Padded Archer Armor
26:30 Thumb Ring
26:44 Bow Saw
26:33 Bodkin Arrow
27:34 Gold Shaft Mining
27:56 Medium Warships
29:07 Leather Archer Armor
31:12 Ballistics
34:28 Town Patrol
34:44 Hand Cart
leonm96
3:05 Loom
14:16 Feudal Age
14:46 Double-Bit Axe
25:08 Castle Age
24:21 Scale Mail Armor
24:27 Scale Barding Armor
24:12 Fletching
24:22 Padded Archer Armor
25:15 Light Cavalry
27:08 Arson
31:59 Wheelbarrow
31:09 Town Watch
Connection lost

Rejoining the realm…

Still unreachable

The connection could not be restored.

Session expired

The server has moved on; the page needs a fresh start.